 Dungeon Crawl Stone Soup version 0.29-a0-323-g050149af67 (webtiles) character file.

Game seed: 7797703907061431663

13547 spaghetti the Nimble (level 12, 0/91 HPs)
             Began as an Octopode Delver on Apr 10, 2022.
             Was a High Priest of Ru.
             Slain by an eight-headed hydra (14 damage)
             ... on level 11 of the Dungeon.
             The game lasted 00:21:18 (13164 turns).

spaghetti the Nimble (Octopode Delver)             Turns: 13164, Time: 00:21:18

Health: 0/91       AC:  6    Str: 18 (19) XL:     12   Next: 7%
Magic:  12/12      EV: 22    Int: 17 (18) God:    Ru [*****.]
Gold:   200        SH:  0    Dex: 19      Spells: 11/11 levels left

rFire   . . .      SeeInvis .   c - +5 dagger "Miejymp" {freeze, *Noise Str+8, short}
rCold   . . .      Faith    .   x - +1 hat {Will+}
rNeg    . . .      Spirit   .   z - amulet of the acrobat
rPois   .          Reflect  .   h - ring of willpower
rElec   .          Harm     .   s - +4 ring of protection
rCorr   .          Rampage  .   B - ring of wizardry
Will    +....                   C - +6 ring of intelligence
Stlth   ++++++....              (no ring)
HPRegen 0.25/turn               (no ring)
MPRegen 0.13/turn               (no ring)

@: studying Crossbows
A: almost no armour, amphibious, 7 rings, camouflage 2, gelatinous body 1,
missing a hand, no fire magic, no hexes magic, no necromancy magic, weak-willed
1, (nimble swimmer 1), tentacles, deterioration 1
a: Renounce Religion, Draw Out Power, Power Leap, Apocalypse


You were on level 11 of the Dungeon.
You worshipped Ru.
Ru was extremely pleased with you.
You visited 1 branch of the dungeon, and saw 11 of its levels.
You also visited: Ossuary.

You collected 599 gold pieces.
You spent 399 gold pieces at shops.


Innate Abilities, Weirdness & Mutations

You cannot wear most types of armour.
You are amphibious.
You can wear up to seven rings at the same time.
Your skin blends seamlessly with your surroundings (Stealth++).
Your rubbery body absorbs attacks. (AC +1, EV +1)
You are missing a hand.
You cannot study or cast Fire magic.
You cannot study or cast Hexes magic.
You cannot study or cast Necromancy magic.
You are slightly weak-willed. (Will-)
((You are camouflaged when in or above water. (Stealth+)))
You have tentacles for arms and can constrict up to seven enemies at once.
Your body sometimes deteriorates upon taking damage.


   Skills:
 + Level 12.0 Fighting
 - Level 7.6(7.8) Short Blades
 - Level 2.0(5.2) Long Blades
 * Level 13.0 Dodging
 - Level 7.9 Stealth


You had 11 spell levels left.
You didn't know any spells.
Your spell library contained the following spells:

 Spells                   Type           Power      Damage    Failure   Level
 Beastly Appendage        Tmut           0%         N/A       10%         1
 Blink                    Tloc           0%         N/A       14%         2
 Wereblood                Tmut           0%         N/A       14%         2
 Gell's Gravitas          Tloc           0%         N/A       26%         3
 Lesser Beckoning         Tloc           0%         N/A       26%         3
 Mephitic Cloud           Conj/Pois/Air  0%         N/A       26%         3
 Spider Form              Tmut/Pois      0%         N/A       26%         3
 Teleport Other           Tloc           0%         N/A       26%         3
 Freezing Cloud           Conj/Ice/Air   0%         6-21      92%         5
 Manifold Assault         Tloc           0%         N/A       92%         5
 Dispersal                Tloc           0%         N/A       100%        6
 Ignite Poison            Fire/Tmut/Pois Unusable   N/A       N/A         3

Inventory:

Hand Weapons
 a - a +0 falchion {long}
 c - the +5 dagger "Miejymp" (weapon) {freeze, *Noise Str+8, short}
   (You found it on level 5 of the Dungeon)

   It freezes those it strikes, dealing additional cold damage.
   It can also slow down cold-blooded creatures.
   Str:       It affects your strength (+8).
   *Noise:    It may make noises in combat.
 k - a +1 short sword of protection {short}
   (You found it on level 7 of the Dungeon)
 G - a +1 dagger of holy wrath {short}
   (You took it off an orc wizard on level 7 of the Dungeon)
 L - a +4 scimitar of flaming {long}
   (You took it off an efreet on level 8 of the Dungeon)
Missiles
 d - 30 poisoned darts {throwing}
 i - 291 stones (quivered) {throwing}
 t - 17 atropa-tipped darts {throwing}
 D - 3 boomerangs {throwing}
 J - 2 javelins {throwing}
Armour
 l - a +0 kite shield
   (You took it off a gnoll sergeant on level 6 of the Dungeon)
 x - a +1 hat of willpower (worn)
   (You found it on level 9 of the Dungeon)
Magical Staves
 O - a staff of cold {!astaff}
   (You found it on level 9 of the Dungeon)
Jewellery
 g - an amulet of faith {!P}
   (You found it on level 2 of the Dungeon)
 h - a ring of willpower (left tentacle)
   (You took it off a goblin on level 2 of the Dungeon)
 s - a +4 ring of protection (right tentacle)
   (You found it on level 2 of the Dungeon)
 z - an amulet of the acrobat (around mantle)
   (You found it on level 6 of the Dungeon)
 B - a ring of wizardry (on tentacle)
   (You found it on level 6 of the Dungeon)
 C - a +6 ring of intelligence (on tentacle)
   (You found it on level 6 of the Dungeon)
 Q - an amulet of reflection
   (You found it on level 9 of the Dungeon)
Wands
 f - a wand of digging (3)
 v - a wand of acid (14)
   (You found it on level 4 of the Dungeon)
 M - a wand of polymorph (8)
   (You found it on level 8 of the Dungeon)
 R - a wand of iceblast (4)
   (You found it on level 9 of the Dungeon)
Scrolls
 b - 4 scrolls of fog
 e - a scroll of immolation {!r!r}
 m - 4 scrolls of teleportation {@r4}
 n - 3 scrolls of silence {!r}
 y - 2 scrolls of magic mapping {!r}
 A - 3 scrolls of holy word
 H - a scroll of blinking {!r}
 I - 4 scrolls of enchant weapon
 N - a scroll of amnesia
 S - a scroll of vulnerability {!r!r}
 T - a scroll of torment {!r}
Potions
 j - 3 potions of flight
 o - a potion of heal wounds {@q2}
 p - 2 potions of lignification {!q}
 q - 2 potions of degeneration {unknown}
 r - 4 potions of brilliance
 u - 2 potions of berserk rage {unknown}
 w - 2 potions of resistance
 E - a potion of might {unknown}
 K - a potion of mutation {!q}
 P - 2 potions of ambrosia {unknown}

Dungeon Overview and Level Annotations

Branches:
Dungeon (11/15)            Temple (0/1) D:7            Lair (0/6) D:10
Ossuary (visited)
    Orc: D:9-12

Altars:
Ashenzari
Cheibriados
Dithmenos
Elyvilon
Hepliaklqana
Makhleb
Nemelex Xobeh
Ru
Uskayaw
Xom
Yredelemnul
The Shining One
Beogh

Shops:
D:8 ?[*?!

Annotations:
D:4 3 runed translucent doors, Doorstop00's ghost, amateur MiBe

...(......#
...(......#
....(.....#
..........#
....(.....#
.....(....#
......D...#
###@# #>..#
######'######
#...........#
#...(.......#
+.....†.....#
#.....†.....#
#.....†.....#
#...........#


You could see an eight-headed hydra (slow, corona).


Message History

You take 9 damage, and now have 40/91 hp.
You hit the unseen horror. You freeze the unseen horror.
You grab the unseen horror. You squeeze the unseen horror!
You kill the unseen horror!
Reactivating autopickup.
Your Fighting skill increases to level 12!
Your Dodging skill increases to level 13! 😨 MP[+1]
Okay, then.
You start resting.
Your yak dissolves into shadows! x3
You feel less exhausted.
Your gargoyle dissolves into shadows!
Your yak dissolves into shadows! 😮 HP[+10] MP[+5]
You regained 10 hp, and now have 50/91 hp.
Your mp is fully restored (12).
Unknown command.
Unknown command.
You start resting.
Your wyvern dissolves into shadows! 😎 HP[+41]
Your hp is fully restored (91).
You see here a yak corpse.
You open the door.
Found a stone staircase leading down.
There is an open door here.
An eight-headed hydra is nearby!
An eight-headed hydra is nearby!
An eight-headed hydra is nearby!
An eight-headed hydra is nearby!
You throw a stone {throwing}.
The stone {throwing} hits the eight-headed hydra.
You throw a stone {throwing}.
The stone {throwing} hits the eight-headed hydra but does no damage.
You throw a stone {throwing}.
The stone {throwing} hits the eight-headed hydra but does no damage.
You throw a stone {throwing}.
The stone {throwing} hits the eight-headed hydra but does no damage.
You throw a stone {throwing}.
The stone {throwing} hits the eight-headed hydra.
You puncture the eight-headed hydra! You freeze the eight-headed hydra.
You tentacle-slap the eight-headed hydra, but do no damage.
You completely miss the eight-headed hydra.
The eight-headed hydra barely misses you. x2
The eight-headed hydra bites you. The eight-headed hydra bites you!
Your body deteriorates!
You feel dopey. The eight-headed hydra bites you.
The eight-headed hydra closely misses you.
The eight-headed hydra completely misses you.
The eight-headed hydra bites you but does no damage.
You are too injured to fight recklessly! 😕 HP[-19]
You take 19 damage, and now have 72/91 hp.
MASSIVE DAMAGE!! (PAUSE) Unknown command.
You hit the eight-headed hydra.
The eight-headed hydra seems to slow down.
You freeze the eight-headed hydra. You squeeze the eight-headed hydra!
You hit the eight-headed hydra.
The eight-headed hydra seems to slow down.
You freeze the eight-headed hydra.
The eight-headed hydra completely misses you.
The eight-headed hydra bites you. x2
The eight-headed hydra closely misses you.
The eight-headed hydra bites you. The eight-headed hydra bites you!
The eight-headed hydra misses you.
The eight-headed hydra bites you but does no damage. 😮 HP[-13]
You take 13 damage, and now have 59/91 hp.
Unknown command.
You completely miss the eight-headed hydra.
You squeeze the eight-headed hydra. You barely miss the eight-headed hydra.
You hit the eight-headed hydra.
The eight-headed hydra seems to slow down.
You freeze the eight-headed hydra. You squeeze the eight-headed hydra!
The eight-headed hydra bites you!
The eight-headed hydra completely misses you.
The eight-headed hydra barely misses you.
The eight-headed hydra completely misses you.
The eight-headed hydra bites you!
* * * LOW HITPOINT WARNING * * *
You focus your inner power and illuminate the eight-headed hydra in retribution!
The eight-headed hydra closely misses you.
The eight-headed hydra bites you!
* * * LOW HITPOINT WARNING * * *
The eight-headed hydra bites you but does no damage. 😨 HP[-30]
You take 30 damage, and now have 29/91 hp.
MASSIVE DAMAGE!! (PAUSE) Unknown command.
You hit the eight-headed hydra. You freeze the eight-headed hydra.
You hit the eight-headed hydra.
The eight-headed hydra seems to slow down.
You freeze the eight-headed hydra. The eight-headed hydra bites you!
* * * LOW HITPOINT WARNING * * *
Your body deteriorates!
You feel weakened. The eight-headed hydra bites you!
You die...

Skill      XL: |  1  2  3  4  5  6  7  8  9 10 11 12 |
---------------+-------------------------------------+-----
Stealth        | 7 |  7.9
Short Blades   | 1 2 3 4 5 7 |  7.6
Fighting       | 4 5 6 8 9 10 11 12 | 12.0
Dodging        | 3 7 10 12 13 | 13.0
Long Blades    | |  2.0

Action                   |  1- 3 |  4- 6 |  7- 9 | 10-12 || total
-------------------------+-------+-------+-------+-------++-------
Melee: Falchion          |     7 |       |       |       ||     7
       Constrict         |     9 |    29 |    50 |    36 ||   124
       Tentacles         |     8 |    23 |    58 |    91 ||   180
       Dagger            |    23 |   118 |   266 |   318 ||   725
       Punch             |     1 |     3 |     4 |     9 ||    17
Throw: Dart              |       |    15 |       |       ||    15
       Stone             |       |    15 |    16 |    30 ||    61
Invok: Sacrifice Essence |       |     1 |       |       ||     1
       Draw Out Power    |       |       |     3 |     5 ||     8
       Sacrifice a Hand  |       |       |     1 |       ||     1
       Power Leap        |       |       |       |     1 ||     1
       Sacrifice Arcana  |       |       |       |     1 ||     1
Evoke: Wand              |       |       |       |     5 ||     5
  Use: Scroll            |     1 |     7 |     3 |     8 ||    19
       Potion            |       |     2 |     2 |     5 ||     9
 Stab: Sleeping          |     1 |    27 |    10 |    10 ||    48
       Distracted        |       |       |     5 |     3 ||     8
       Paralysed         |       |       |     1 |     1 ||     2
       Invisible         |       |       |     1 |       ||     1
Armor: Skin              |       |     9 |    61 |    34 ||   104
Dodge: Dodged            |    10 |    48 |   105 |   235 ||   398

Levels and vault maps discovered:
D:1:      ebering_trefoil_twist, layout_basic,
          dreamdust_ecumenical_altar_drowned_temple,
          amcnicky_mini_rare_corridor_liquid, minmay_misc_feat_cross,
          kennysheep_small_spiral, chequers_serial_rivers_room_b
D:2:      layout_basic, uniq_jessica, uniq_terence
D:3:      cheibrodos_pilgrimage, layout_loops_cross, amcnicky_altar_gilded,
          nrook_loot_triangle
D:4:      layout_cave_pods, mainiacjoe_overflow_catwalk, grunt_dithmenos_smoke,
          gammafunk_ghost_necromancy, kennysheep_cross_bottleneck
D:5:      layout_loops_ring, nicolae_yredelemnul_corpse_copse,
          nicolae_ossuary_entry_plus, serial_park_tiny_2
D:6:      layout_layer_cave, minmay_manual_mail
D:7:      layout_loops_cross, mainiacjoe_overflow_tiny_flanked, minitemple,
          minmay_temple_entry_nine_rooms
D:8:      layout_loops_ring, mainiacjoe_overflow_alcove_1, serial_shops, shop,
          kennysheep_little_box, nicolae_shop_hallway_stairs,
          nicolae_stop_n_shop_1, shop_statue, minmay_misc_feat_alley
D:9:      layout_irregular_city, uniq_erolcha, uniq_grum, uniq_gastronok
D:10:     layout_irregular_city, mainiacjoe_overflow_alcove_4,
          mainiacjoe_overflow_alcove_2, david_lair_shrubbed,
          david_defended_altar_orc
D:11:     layout_roguey, centaur_isle

Notes
Turn   | Place    | Note
-------+----------+-------------------------------------------
     0 | D:5      | spaghetti the Octopode Delver began the quest for the Orb.
     0 | D:5      | Reached XP level 1. HP: 16/16 MP: 1/1
     0 | D:5      | magus.rc [v1.9.6]
     1 | D:6      | Noticed an iguana
     6 | D:6      | HP: 2/16 [iguana (9)]
     8 | D:6      | Killed an iguana
     9 | D:6      | Reached skill level 7 in Stealth
     9 | D:6      | Reached XP level 2. HP: 1/21 MP: 2/2
     9 | D:6      | Reached XP level 3. HP: 2/26 MP: 3/3
    34 | D:6      | Noticed a water moccasin
   332 | D:5      | Identified the +5 dagger "Miejymp" {freeze, *Noise Str+8}
   414 | D:5      | Found a sand-covered staircase.
   418 | Ossuary  | Entered an ossuary
  1055 | Ossuary  | Reached skill level 1 in Short Blades
  1055 | Ossuary  | Reached XP level 4. HP: 11/31 MP: 4/4
  1251 | D:5      | Found a basalt altar of Yredelemnul.
  1251 | D:5      | Noticed a centaur
  1548 | D:3      | Found a sacrificial altar of Ru.
  1573 | D:3      | You fall into a shaft and drop 2 floors!
  1608 | D:6      | Noticed a gnoll sergeant
  1620 | D:6      | Noticed a necrophage
  1626 | D:6      | Noticed an ogre
  1635 | D:6      | Noticed a centaur
  1865 | D:4      | Reached skill level 2 in Short Blades
  1903 | D:4      | Reached XP level 5. HP: 37/37 MP: 5/5
  1995 | D:4      | Found a runed translucent gate.
  1996 | D:4      | Found a runed translucent gate.
  1997 | D:4      | Found a runed translucent gate.
  2002 | D:4      | Noticed Doorstop00's ghost (amateur MiBe)
  2067 | D:4      | Reached skill level 4 in Fighting
  2270 | D:2      | Noticed Jessica
  2271 | D:2      | Noticed Terence
  2303 | D:2      | Killed Terence
  2304 | D:2      | Reached skill level 3 in Short Blades
  2494 | D:2      | Killed Jessica
  2495 | D:2      | Reached XP level 6. HP: 44/44 MP: 6/6
  2916 | D:1      | You add the spells Gell's Gravitas, Teleport Other and
                  | Dispersal to your library.
  3321 | D:1      | Found a faded altar of an unknown god.
  3383 | D:1      | Prayed at the altar of an unknown god.
  3383 | D:1      | Became a worshipper of Ru the Awakened
  3391 | D:1      | Gained mutation: You are slightly weak-willed. (Will-) [Ru
                  | sacrifice]
  3391 | D:1      | Reached * piety under Ru
  4444 | D:3      | Reached skill level 5 in Fighting
  4722 | D:3      | Reached skill level 4 in Short Blades
  4805 | D:3      | You pick up a book of Spatial Translocations and begin
                  | reading...
  4805 | D:3      | You add the spells Blink, Lesser Beckoning and Manifold
                  | Assault to your library.
  4863 | D:3      | Reached XP level 7. HP: 50/50 MP: 7/7
  5071 | D:4      | Found a shadowy altar of Dithmenos.
  5096 | D:4      | Found a burning altar of Makhleb.
  5560 | D:5      | Reached skill level 6 in Fighting
  5560 | D:5      | Reached skill level 5 in Short Blades
  6162 | D:5      | Reached XP level 8. HP: 51/58 MP: 8/8
  6539 | D:5      | Reached skill level 6 in Short Blades
  6615 | D:6      | Reached skill level 7 in Fighting
  7451 | D:6      | Gained mutation: You are missing a hand. [Ru sacrifice]
  7451 | D:6      | Reached ** piety under Ru
  7451 | D:6      | Reached *** piety under Ru
  7451 | D:6      | Reached **** piety under Ru
  7461 | D:6      | Reached skill level 7 in Short Blades
  7635 | D:6      | Reached skill level 8 in Fighting
  7846 | D:6      | Reached skill level 3 in Dodging
  7846 | D:6      | Reached XP level 9. HP: 64/66 MP: 9/9
  8008 | D:6      | Reached skill level 4 in Dodging
  8583 | D:7      | Reached skill level 5 in Dodging
  8775 | D:7      | Found a broken altar of Ashenzari.
  8893 | D:7      | Reached skill level 6 in Dodging
  9100 | D:7      | Found a snail-covered altar of Cheibriados.
  9106 | D:7      | Found a glowing golden altar of the Shining One.
  9106 | D:7      | Found a sparkling altar of Nemelex Xobeh.
  9107 | D:7      | Found a hazy altar of Hepliaklqana.
  9130 | D:7      | Found a staircase to the Ecumenical Temple.
  9157 | D:7      | Reached skill level 9 in Fighting
  9232 | D:7      | You pick up a book of Changes and begin reading...
  9232 | D:7      | You add the spells Beastly Appendage, Wereblood and Spider
                  | Form to your library.
  9272 | D:7      | Noticed a skeletal warrior
  9272 | D:7      | Noticed a skeletal warrior
  9272 | D:7      | Noticed a skeletal warrior
  9380 | D:8      | Found Zanwif's Distillery.
  9391 | D:8      | Bought a potion of mutation for 104 gold pieces
  9391 | D:8      | Gained mutation: Your body sometimes deteriorates upon
                  | taking damage. [potion of mutation]
  9407 | D:8      | Found Utiron's Magic Scroll Emporium.
  9416 | D:8      | Reached skill level 7 in Dodging
  9416 | D:8      | Reached XP level 10. HP: 74/74 MP: 10/10
  9435 | D:8      | Bought 3 scrolls of enchant weapon for 247 gold pieces
  9644 | D:7      | Killed a skeletal warrior
  9645 | D:7      | Reached skill level 8 in Dodging
  9645 | D:7      | Killed a skeletal warrior
  9647 | D:7      | Killed a skeletal warrior
  9648 | D:7      | Reached skill level 10 in Fighting
  9648 | D:7      | Reached skill level 9 in Dodging
  9758 | D:8      | Found Unip's General Store.
  9833 | D:8      | Found Fenea's Armour Emporium.
  9896 | D:8      | Lost mutation: Your body sometimes deteriorates upon taking
                  | damage. [potion of mutation]
  9896 | D:8      | Gained mutation: Your body sometimes deteriorates upon
                  | taking damage. [potion of mutation]
  9896 | D:8      | Gained mutation: Your skin blends seamlessly with your
                  | surroundings (Stealth++). [potion of mutation]
 10193 | D:8      | Found a hide-covered altar of Uskayaw.
 10280 | D:8      | Found Myozxui's Magic Scroll Shop.
 10286 | D:8      | Bought a scroll of teleportation for 48 gold pieces
 10651 | D:9      | You add the spells Ignite Poison, Mephitic Cloud and
                  | Freezing Cloud to your library.
 10663 | D:9      | Noticed Erolcha
 10675 | D:9      | Killed Erolcha
 10676 | D:9      | Reached skill level 10 in Dodging
 10708 | D:9      | Noticed Grum
 10715 | D:9      | Reached XP level 11. HP: 82/82 MP: 11/11
 10720 | D:9      | Noticed a centaur warrior
 10738 | D:9      | HP: 16/79 [centaur warrior (10)]
 10740 | D:9      | Killed Grum
 10746 | D:9      | HP: 14/81 [centaur warrior (8)]
 10755 | D:9      | Killed a centaur warrior
 10795 | D:9      | Noticed Gastronok
 10907 | D:9      | Killed Gastronok
 10908 | D:9      | Reached skill level 11 in Fighting
 10908 | D:9      | Reached skill level 11 in Dodging
 11604 | D:10     | Entered Level 10 of the Dungeon
 11888 | D:10     | Noticed a white ugly thing
 11901 | D:10     | Killed a white ugly thing
 12155 | D:10     | Reached skill level 12 in Dodging
 12180 | D:10     | Found a staircase to the Lair.
 12510 | D:10     | Found a white marble altar of Elyvilon.
 12692 | D:10     | Gained mutation: You cannot study or cast Fire magic. [Ru
                  | sacrifice]
 12692 | D:10     | Gained mutation: You cannot study or cast Hexes magic. [Ru
                  | sacrifice]
 12692 | D:10     | Gained mutation: You cannot study or cast Necromancy magic.
                  | [Ru sacrifice]
 12692 | D:10     | Reached ***** piety under Ru
 12875 | D:10     | Found a shimmering altar of Xom.
 12900 | D:11     | Noticed a six-headed hydra
 12903 | D:11     | Noticed an eight-headed hydra
 12904 | D:11     | Killed a six-headed hydra
 12925 | D:11     | Noticed a cyclops
 12932 | D:11     | Killed a cyclops
 12937 | D:11     | Reached XP level 12. HP: 48/91 MP: 6/12
 12941 | D:11     | Reached skill level 12 in Fighting
 12941 | D:11     | Reached skill level 13 in Dodging
 13164 | D:11     | HP: 14/91 [eight-headed hydra (15)]
 13164 | D:11     | Slain by an eight-headed hydra

Vanquished Creatures
  Erolcha (D:9)
  A centaur warrior (D:9)
  A hydra (D:11)
  3 skeletal warriors (D:7)
  An ugly thing (D:10)
  A komodo dragon (D:10)
  An unseen horror (D:11)
  An efreet (D:8)
  A troll (D:10)
  10 yaks
  2 wraiths (D:10)
  2 wyverns (D:8)
  Grum (D:9)
  A steam dragon (D:8)
  A water moccasin (D:6)
  An ice beast (D:7)
  A sky beast (D:8)
  3 orc warriors
  2 ogres (D:6)
  3 wolves (D:9)
  6 centaurs
  A phantom (D:6)
  3 kobold brigands
  2 bullfrogs (D:9)
  A gnoll sergeant (D:6)
  A necrophage (D:6)
  A water moccasin zombie (D:5)
  A scorpion (D:5)
  10 wights
  9 killer bees (D:10)
  5 howler monkeys
  3 hounds
  A bullfrog zombie (D:5)
  A centaur zombie (D:5)
  9 orc priests
  A gnoll shaman (D:5)
  4 iguanas
  Jessica (D:2)
  11 orc wizards
  Terence (D:2)
  2 hound zombies (D:5)
  2 mummies (Ossuary)
  A howler monkey zombie (D:5)
  11 gnolls
  9 adders
  2 shadow imps
  4 worms
  2 dart slugs
  34 orcs
  6 bats
  6 endoplasms
  5 giant cockroaches
  3 gnoll zombies (Ossuary)
  8 hobgoblins
  4 jackals (D:5)
  17 kobolds
  4 quokkas
  9 ball pythons
  3 frilled lizards
  2 goblins
  2 hobgoblin zombies (Ossuary)
  2 orc zombies (Ossuary)
  7 rats
  A spectral kobold (D:1)
256 creatures vanquished.

Vanquished Creatures (collateral kills)
  A cyclops (D:11)
  2 yaks (D:11)
  An orc warrior (D:7)
  An ice beast (D:7)
  A howler monkey (D:5)
  An orc priest (D:7)
  A jelly (D:5)
  An orc wizard (D:7)
  An orc (D:7)
  A kobold (D:7)
11 creatures vanquished.

Vanquished Creatures (others)
  Gastronok (D:9)
  A yak (D:11)
  A wyvern (D:9)
  A wight (D:9)
  A kobold (D:7)
  3 plants (D:10)
8 creatures vanquished.

Grand Total: 275 creatures vanquished

Table legend:
 A = Non-vault XP
 B = Vault XP
 C = Vault XP percentage of total XP
 D = Non-vault monster count
 E = Vault monster count
 F = Vault count percentage of total count
                 A         B        C        D         E       F
            +---------+---------+-------+---------+---------+-------
      Total |   15454 |    3899 |  20.1 |     234 |      37 |  13.7
            +---------+---------+-------+---------+---------+-------
        D:1 |      30 |       1 |   3.2 |      18 |       1 |   5.3
        D:2 |     129 |      73 |  36.1 |      21 |       2 |   8.7
        D:3 |      90 |      91 |  50.3 |      23 |       5 |  17.9
        D:4 |      91 |       0 |   0.0 |      14 |       0 |   0.0
        D:5 |     612 |     285 |  31.8 |      26 |       7 |  21.2
        D:6 |    1463 |     211 |  12.6 |      32 |       3 |   8.6
        D:7 |    3399 |       0 |   0.0 |      29 |       0 |   0.0
        D:8 |    1445 |       0 |   0.0 |      22 |       0 |   0.0
        D:9 |    1747 |    2677 |  60.5 |      17 |       6 |  26.1
       D:10 |    3625 |     517 |  12.5 |      24 |       4 |  14.3
       D:11 |    2823 |       0 |   0.0 |       8 |       0 |   0.0
    Ossuary |       0 |      44 | 100.0 |       0 |       9 | 100.0
            +---------+---------+-------+---------+---------+-------

Illustrated notes

Table legend:
 A = Kills in this place as a percentage of kills in entire the game.
 B = Kills by you in this place as a percentage of kills by you in the entire game.
 C = Kills by friends in this place as a percentage of kills by friends in the entire game.
 D = Other kills in this place as a percentage of other kills in the entire game.
 E = Experience gained in this place as a percentage of experience gained in the entire game.
 F = Experience gained in this place divided by the number of levels of this place that you have seen.
                   A       B       C       D       E      F
               +-------+-------+-------+-------+-------+----------------------
         Total | 100.0 | 100.0 | 100.0 | 100.0 | 100.0 | 1612.8
       Dungeon |  96.7 |  96.5 | 100.0 | 100.0 |  99.8 | 1755.4
       Ossuary |   3.3 |   3.5 |   0.0 |   0.0 |   0.2 |  44.0
               +-------+-------+-------+-------+-------+----------------------

Table legend: (Time is in decaauts)
 A = Elapsed time spent in this place.
 B = Non-inter-level travel time spent in this place.
 C = Inter-level travel time spent in this place.
 D = Time resting spent in this place.
 E = Time spent auto-exploring this place.
 F = Levels seen in this place.
 G = Mean time per level.
                   A        B        C        D        E       F      G
               +--------+--------+--------+--------+--------+-----+--------+
         Total |  12925 |  12319 |    606 |   3642 |   6804 |  12 | 1077.1 |
       Dungeon |  12280 |  11674 |    606 |   3134 |   6796 |  11 | 1116.4 |
       Ossuary |    645 |    645 |      0 |    508 |      8 |   1 |  645.0 |
               +--------+--------+--------+--------+--------+-----+--------+

Top non-repeatable levels by time:
     D:5: 2624 daAuts
     D:6: 1269 daAuts
    D:10: 1258 daAuts
     D:2: 1187 daAuts
     D:9: 1085 daAuts
     D:7: 1070 daAuts
     D:4: 1003 daAuts
     D:1: 856 daAuts
     D:3: 846 daAuts
     D:8: 837 daAuts
 Ossuary: 645 daAuts
    D:11: 241 daAuts
